Dernière mise à jour: 2025-12-07 16:11:59
% Time on Ice - SACRAMENTO BANDITS
Lines # - Real PCT - Wanted PCT - Time Play
Normal Forward
1 - 37% - 36% - 18:10
2 - 31% - 31% - 15:32
3 - 23% - 23% - 11:10
4 - 10% - 10% - 4:45
Normal Defense
1 - 37% - 36% - 18:13
2 - 31% - 31% - 15:17
3 - 26% - 23% - 12:50
4 - 7% - 10% - 3:17
PP Forward
1 - 51% - 55% - 2:10
2 - 49% - 45% - 2:06
PP Defense
1 - 55% - 55% - 2:20
2 - 45% - 45% - 1:56
PK Forward
1 - 62% - 55% - 3:47
2 - 38% - 45% - 2:20
PK Defense
1 - 43% - 55% - 2:37
2 - 57% - 45% - 3:30
PK3 Forward
1 - 0% - 55%
2 - 0% - 45%
PK3 Defense
1 - 0% - 55%
2 - 0% - 45%
44 Forward
1 - 0% - 55%
2 - 0% - 45%
44 Defense
1 - 0% - 55%
2 - 0% - 45%
Last Minute Offensive  - 0:00
Last Minute Defensive  - 0:00
Total
Forward - 60:00
Defense - 60:00
% Time on Ice - SEATTLE GRUNGE
Lines # - Real PCT - Wanted PCT - Time Play
Normal Forward
1 - 36% - 36% - 17:40
2 - 30% - 31% - 14:55
3 - 18% - 25% - 9:00
4 - 16% - 8% - 8:02
Normal Defense
1 - 37% - 38% - 18:32
2 - 35% - 35% - 17:29
3 - 27% - 27% - 13:36
4 - 0% - 0% - 0:00
PP Forward
1 - 55% - 55% - 3:21
2 - 45% - 45% - 2:46
PP Defense
1 - 60% - 55% - 3:40
2 - 40% - 45% - 2:27
PK Forward
1 - 59% - 55% - 2:32
2 - 41% - 45% - 1:44
PK Defense
1 - 61% - 55% - 2:36
2 - 39% - 45% - 1:40
PK3 Forward
1 - 0% - 55%
2 - 0% - 45%
PK3 Defense
1 - 0% - 55%
2 - 0% - 45%
44 Forward
1 - 0% - 55%
2 - 0% - 45%
44 Defense
1 - 0% - 55%
2 - 0% - 45%
Last Minute Offensive  - 0:00
Last Minute Defensive  - 0:00
Total
Forward - 60:00
Defense - 60:00
Play-by-Play 1st period 0:01 of 1st period - John Tavares wins face-off versus Blake Wheeler in neutral zone. 0:11 of 1st period - John Tavares is hit by Aaron Ekblad and loses puck. 0:33 of 1st period - John Tavares is hit by Aaron Ekblad and loses puck. 1:16 of 1st period - Shot by Andrei Kuzmenko. 1:16 of 1st period - Stopped by Matthew Murray with a rebound. 1:18 of 1st period - Shot by William Borgen. 1:18 of 1st period - Shot Hit the Post. 1:26 of 1st period - Shot by Juraj Slafkovsky. 1:26 of 1st period - Stopped by Matthew Murray without a rebound. 1:27 of 1st period - Warren Foegele wins face-off versus Anthony Beauvillier in SACRAMENTO BANDITS zone. 1:27 of 1st period - Warren Foegele is hit by Anthony DeAngelo. 1:35 of 1st period - Shot by Alexandre Carrier. 1:35 of 1st period - Stopped by Matthew Murray without a rebound. 1:36 of 1st period - Adam Gaudette wins face-off versus Curtis Lazar in SACRAMENTO BANDITS zone. 1:40 of 1st period - Jakob Silfverberg is hit by Curtis Lazar and loses puck. 1:44 of 1st period - Off-side. 1:45 of 1st period - Anthony Beauvillier wins face-off versus Connor Dewar in neutral zone. 1:45 of 1st period - Anthony Beauvillier is hit by Connor Dewar. 1:49 of 1st period - Shot by Anthony Beauvillier. 1:49 of 1st period - Stopped by Alexandar Georgiev without a rebound. 1:50 of 1st period - Anthony Beauvillier wins face-off versus Curtis Lazar in SEATTLE GRUNGE zone. 2:00 of 1st period - Minor Penalty to Joel Edmundson for Tripping. 2:01 of 1st period - John Tavares wins face-off versus Jonathan Huberdeau in SACRAMENTO BANDITS zone. 2:08 of 1st period - Shot by John Tavares. 2:08 of 1st period - Shot Blocked by Jonathan Huberdeau. 2:10 of 1st period - Shot by William Nylander. 2:10 of 1st period - Shot Misses the Net. 2:12 of 1st period - Shot by Andrei Kuzmenko. 2:12 of 1st period - Stopped by Matthew Murray with a rebound. 2:14 of 1st period - Shot by Neal Pionk. 2:14 of 1st period - Stopped by Matthew Murray with a rebound. 2:16 of 1st period - Shot by Travis Sanheim. 2:16 of 1st period - Stopped by Matthew Murray with a rebound. 2:18 of 1st period - Shot by Travis Sanheim. 2:18 of 1st period - Shot Misses the Net. 2:20 of 1st period - Shot by William Nylander. 2:20 of 1st period - Deflect By John Tavares. 2:20 of 1st period - Stopped by Matthew Murray with a rebound. 2:22 of 1st period - Shot by Andrei Kuzmenko. 2:22 of 1st period - Stopped by Matthew Murray without a rebound. 2:23 of 1st period - Sean Monahan wins face-off versus Blake Wheeler in SACRAMENTO BANDITS zone. 2:30 of 1st period - Shot by Sean Monahan. 2:30 of 1st period - Shot Misses the Net. 2:32 of 1st period - Shot by Juraj Slafkovsky. 2:32 of 1st period - Shot Misses the Net. 2:34 of 1st period - Shot by Sean Monahan. 2:34 of 1st period - Stopped by Matthew Murray without a rebound. 2:35 of 1st period - John Tavares wins face-off versus Jonathan Huberdeau in SACRAMENTO BANDITS zone. 3:52 of 1st period - Sean Monahan is hit by Antti Tuomisto and loses puck. 4:12 of 1st period - Shot by Warren Foegele. 4:12 of 1st period - Shot Blocked by Jakob Silfverberg. 4:22 of 1st period - Shot by Morgan Geekie. 4:22 of 1st period - Deflect By Warren Foegele. 4:22 of 1st period - Shot Misses the Net. 4:24 of 1st period - Shot by Morgan Geekie. 4:24 of 1st period - Shot Misses the Net. 4:26 of 1st period - Shot by Curtis Lazar. 4:26 of 1st period - Stopped by Matthew Murray without a rebound. 4:27 of 1st period - Connor Dewar wins face-off versus Matthew Knies in SACRAMENTO BANDITS zone. 5:31 of 1st period - Shot by Anthony Beauvillier. 5:31 of 1st period - Stopped by Alexandar Georgiev without a rebound. 5:32 of 1st period - Anthony Beauvillier wins face-off versus John Tavares in SEATTLE GRUNGE zone. 5:39 of 1st period - Shot by Max Pacioretty. 5:39 of 1st period - Stopped by Alexandar Georgiev without a rebound. 5:40 of 1st period - John Tavares wins face-off versus Anthony Beauvillier in SEATTLE GRUNGE zone. 5:45 of 1st period - Shot by Tyler Seguin. 5:45 of 1st period - Stopped by Matthew Murray without a rebound. 5:46 of 1st period - Anthony Beauvillier wins face-off versus John Tavares in SACRAMENTO BANDITS zone. 5:57 of 1st period - Shot by Max Pacioretty. 5:57 of 1st period - Shot Misses the Net. 5:59 of 1st period - Shot by Max Pacioretty. 5:59 of 1st period - Shot Misses the Net. 6:01 of 1st period - Shot by Anthony Beauvillier. 6:01 of 1st period - Shot Misses the Net. 6:15 of 1st period - Shot by Josh Anderson. 6:15 of 1st period - Deflect By Max Pacioretty. 6:15 of 1st period - Shot Blocked by William Nylander. 6:19 of 1st period - Shot by Anthony Beauvillier. 6:19 of 1st period - Shot Misses the Net. 6:21 of 1st period - Shot by Max Pacioretty. 6:21 of 1st period - Shot Misses the Net. 6:23 of 1st period - Shot by Josh Anderson. 6:23 of 1st period - Stopped by Alexandar Georgiev without a rebound. 6:24 of 1st period - Sean Monahan wins face-off versus Adam Gaudette in SEATTLE GRUNGE zone. 6:46 of 1st period - Shot by Dominik Kubalik. 6:46 of 1st period - Stopped by Alexandar Georgiev with a rebound. 6:50 of 1st period - Shot by Dominik Kubalik. 6:50 of 1st period - Stopped by Alexandar Georgiev without a rebound. 6:51 of 1st period - Blake Wheeler wins face-off versus Curtis Lazar in SEATTLE GRUNGE zone. 6:52 of 1st period - Shot by Aaron Ekblad. 6:52 of 1st period - Shot Blocked by Jani Hakanpaa. 6:58 of 1st period - Aaron Ekblad is hit by Curtis Lazar and loses puck. 7:40 of 1st period - Aaron Ekblad is hit by Kaiden Guhle and loses puck. 8:11 of 1st period - Shot by John Tavares. 8:11 of 1st period - Shot Misses the Net. 8:21 of 1st period - Shot by Josh Anderson. 8:21 of 1st period - Stopped by Alexandar Georgiev without a rebound. 8:22 of 1st period - Sean Monahan wins face-off versus Adam Gaudette in SEATTLE GRUNGE zone. 8:41 of 1st period - Minor Penalty to Antti Tuomisto for Roughing. 8:42 of 1st period - Sean Monahan wins face-off versus Jonathan Huberdeau in SACRAMENTO BANDITS zone. 8:43 of 1st period - Shot by Travis Sanheim. 8:43 of 1st period - Stopped by Matthew Murray with a rebound. 8:45 of 1st period - Shot by Neal Pionk. 8:45 of 1st period - Shot Blocked by Joel Edmundson. 8:47 of 1st period - Shot by Travis Sanheim. 8:47 of 1st period - Stopped by Matthew Murray without a rebound. 8:48 of 1st period - Jonathan Huberdeau wins face-off versus John Tavares in SACRAMENTO BANDITS zone. 8:58 of 1st period - Shot by Travis Sanheim. 8:58 of 1st period - Shot Misses the Net. 9:32 of 1st period - Shot by William Nylander. 9:32 of 1st period - Shot Misses the Net. 10:51 of 1st period - Shot by Warren Foegele. 10:51 of 1st period - Stopped by Matthew Murray without a rebound. 10:52 of 1st period - Connor Dewar wins face-off versus Fredrik Karlstrom in SACRAMENTO BANDITS zone. 11:10 of 1st period - Dillon Dube is hit by Jimmy Vesey and loses puck. 11:25 of 1st period - Shot by Dillon Dube. 11:25 of 1st period - Shot Misses the Net. 12:05 of 1st period - Shot by Jakob Silfverberg. 12:05 of 1st period - Stopped by Alexandar Georgiev without a rebound. 12:06 of 1st period - Anthony Beauvillier wins face-off versus Sean Monahan in SEATTLE GRUNGE zone. 12:25 of 1st period - Sean Monahan is hit by Josh Anderson and loses puck. 12:26 of 1st period - Sean Monahan from SEATTLE GRUNGE is injured at 12:26 of 1st period (Left Foot). 12:27 of 1st period - Blake Wheeler wins face-off versus William Nylander in SEATTLE GRUNGE zone. 13:01 of 1st period - Icing by Zach Bogosian. 13:02 of 1st period - Juraj Slafkovsky wins face-off versus Blake Wheeler in SACRAMENTO BANDITS zone. 13:20 of 1st period - Icing by Travis Sanheim. 13:21 of 1st period - Anthony Beauvillier wins face-off versus Andrei Kuzmenko in SEATTLE GRUNGE zone. 13:26 of 1st period - Shot by Josh Anderson. 13:26 of 1st period - Deflect By Anthony Beauvillier. 13:26 of 1st period - Stopped by Alexandar Georgiev without a rebound. 13:27 of 1st period - Tyler Seguin wins face-off versus Anthony Beauvillier in SEATTLE GRUNGE zone. 13:42 of 1st period - Shot by Tyler Seguin. 13:42 of 1st period - Stopped by Matthew Murray with a rebound. 14:16 of 1st period - Shot by Dominik Kubalik. 14:16 of 1st period - Shot Blocked by Kaiden Guhle. 14:18 of 1st period - Shot by Jakob Silfverberg. 14:18 of 1st period - Shot Misses the Net. 14:24 of 1st period - Shot by Jakob Silfverberg. 14:24 of 1st period - Stopped by Alexandar Georgiev without a rebound. 14:25 of 1st period - Blake Wheeler wins face-off versus Warren Foegele in SEATTLE GRUNGE zone. 15:05 of 1st period - Icing by Zach Bogosian. 15:06 of 1st period - Blake Wheeler wins face-off versus Alexey Toropchenko in SACRAMENTO BANDITS zone. 15:13 of 1st period - Shot by Corey Perry. 15:13 of 1st period - Stopped by Alexandar Georgiev with a rebound. 15:15 of 1st period - Shot by Zach Bogosian. 15:15 of 1st period - Shot Misses the Net. 15:37 of 1st period - Jani Hakanpaa is hit by Max Pacioretty. 16:02 of 1st period - William Nylander is hit by Josh Anderson and loses puck. 16:15 of 1st period - Shot by John Tavares. 16:15 of 1st period - Stopped by Matthew Murray without a rebound. 16:16 of 1st period - Adam Gaudette wins face-off versus Curtis Lazar in SACRAMENTO BANDITS zone. 18:03 of 1st period - Shot by William Nylander. 18:03 of 1st period - Stopped by Matthew Murray with a rebound. 18:22 of 1st period - Shot by John Tavares. 18:22 of 1st period - Shot Misses the Net. 19:18 of 1st period - Shot by Travis Sanheim. 19:18 of 1st period - Stopped by Matthew Murray with a rebound. 19:30 of 1st period - Shot by Max Pacioretty. 19:30 of 1st period - Stopped by Alexandar Georgiev without a rebound. 19:31 of 1st period - Adam Gaudette wins face-off versus Connor Dewar in SEATTLE GRUNGE zone. 19:33 of 1st period - Dominik Kubalik is hit by William Borgen and loses puck. Goals for this period are 0 for SACRAMENTO BANDITS vs 0 for SEATTLE GRUNGE. Shots for this period are 12 for SACRAMENTO BANDITS vs 18 for SEATTLE GRUNGE. 2nd period 0:01 of 2nd period - Anthony Beauvillier wins face-off versus John Tavares in neutral zone. 0:18 of 2nd period - Shot by John Tavares. 0:18 of 2nd period - Stopped by Matthew Murray without a rebound. 0:19 of 2nd period - Curtis Lazar wins face-off versus Blake Wheeler in SACRAMENTO BANDITS zone. 0:19 of 2nd period - Curtis Lazar is hit by Zach Bogosian. 0:33 of 2nd period - Shot by Morgan Geekie. 0:33 of 2nd period - Stopped by Matthew Murray without a rebound. 0:34 of 2nd period - Anthony Beauvillier wins face-off versus William Nylander in SACRAMENTO BANDITS zone. 0:53 of 2nd period - Shot by Max Pacioretty. 0:53 of 2nd period - Shot Misses the Net. 0:55 of 2nd period - Shot by Anthony Beauvillier. 0:55 of 2nd period - Shot Misses the Net. 1:16 of 2nd period - Max Pacioretty is hit by Tyler Seguin and loses puck. 1:22 of 2nd period - Off-side. 1:23 of 2nd period - Adam Gaudette wins face-off versus Warren Foegele in neutral zone. 1:28 of 2nd period - Juraj Slafkovsky is hit by Dominik Kubalik and loses puck. 1:35 of 2nd period - Shot by Jakob Silfverberg. 1:35 of 2nd period - Stopped by Alexandar Georgiev without a rebound. 1:36 of 2nd period - Connor Dewar wins face-off versus Blake Wheeler in SEATTLE GRUNGE zone. 1:55 of 2nd period - Shot by Jonathan Huberdeau. 1:55 of 2nd period - Stopped by Alexandar Georgiev without a rebound. 1:56 of 2nd period - Warren Foegele wins face-off versus Adam Gaudette in SEATTLE GRUNGE zone. 2:18 of 2nd period - Shot by Jakob Silfverberg. 2:18 of 2nd period - Shot Misses the Net. 2:20 of 2nd period - Shot by Dominik Kubalik. 2:20 of 2nd period - Shot Misses the Net. 2:22 of 2nd period - Shot by Aaron Ekblad. 2:22 of 2nd period - Stopped by Alexandar Georgiev without a rebound. 2:23 of 2nd period - John Tavares wins face-off versus Max Pacioretty in SEATTLE GRUNGE zone. 2:33 of 2nd period - Tyler Seguin is hit by Anthony DeAngelo and loses puck. 2:48 of 2nd period - Shot by Tyler Seguin. 2:48 of 2nd period - Deflect By John Tavares. 2:48 of 2nd period - Stopped by Matthew Murray with a rebound. 2:58 of 2nd period - Shot by Tyler Seguin. 2:58 of 2nd period - Shot Misses the Net. 3:09 of 2nd period - Icing by Travis Sanheim. 3:10 of 2nd period - John Tavares wins face-off versus Blake Wheeler in SEATTLE GRUNGE zone. 3:19 of 2nd period - Shot by Tyler Seguin. 3:19 of 2nd period - Shot Misses the Net. 3:42 of 2nd period - Off-side. 3:43 of 2nd period - Adam Gaudette wins face-off versus Warren Foegele in neutral zone. 4:35 of 2nd period - Juraj Slafkovsky is hit by Joel Edmundson and loses puck. 5:31 of 2nd period - Jonathan Huberdeau is hit by William Borgen and loses puck. 5:48 of 2nd period - Shot by Corey Perry. 5:48 of 2nd period - Shot Misses the Net. 5:50 of 2nd period - Shot by Zach Bogosian. 5:50 of 2nd period - Shot Blocked by William Borgen. 5:52 of 2nd period - Shot by Aaron Ekblad. 5:52 of 2nd period - Shot Blocked by William Borgen. 5:54 of 2nd period - Shot by Blake Wheeler. 5:54 of 2nd period - Deflect By Jonathan Huberdeau. 5:54 of 2nd period - Shot Misses the Net. 5:57 of 2nd period - Minor Penalty to Kaiden Guhle for Tripping. 5:58 of 2nd period - Anthony Beauvillier wins face-off versus Curtis Lazar in SEATTLE GRUNGE zone. 6:11 of 2nd period - Shot by Josh Anderson. 6:11 of 2nd period - Shot Misses the Net. 6:13 of 2nd period - Shot by Max Pacioretty. 6:13 of 2nd period - Shot Misses the Net. 6:15 of 2nd period - Shot by Joel Edmundson. 6:15 of 2nd period - Goal by Joel Edmundson - SACRAMENTO BANDITS : 1 - SEATTLE GRUNGE : 0. 6:16 of 2nd period - Fredrik Karlstrom wins face-off versus John Tavares in neutral zone. 6:50 of 2nd period - Shot by John Tavares. 6:50 of 2nd period - Stopped by Matthew Murray without a rebound. 6:51 of 2nd period - Blake Wheeler wins face-off versus Curtis Lazar in SACRAMENTO BANDITS zone. 6:55 of 2nd period - Minor Penalty to Alexandre Carrier for Hooking. 6:56 of 2nd period - Curtis Lazar wins face-off versus Blake Wheeler in SEATTLE GRUNGE zone. 7:47 of 2nd period - Shot by Max Pacioretty. 7:47 of 2nd period - Stopped by Alexandar Georgiev with a rebound. 7:49 of 2nd period - Shot by Anthony Beauvillier. 7:49 of 2nd period - Shot Hit the Post. 7:51 of 2nd period - Shot by Max Pacioretty. 7:51 of 2nd period - Shot Misses the Net. 7:53 of 2nd period - Shot by Joel Edmundson. 7:53 of 2nd period - Stopped by Alexandar Georgiev with a rebound. 7:55 of 2nd period - Shot by Anthony Beauvillier. 7:55 of 2nd period - Stopped by Alexandar Georgiev with a rebound. 7:57 of 2nd period - Shot by Max Pacioretty. 7:57 of 2nd period - Stopped by Alexandar Georgiev without a rebound. 7:58 of 2nd period - Curtis Lazar wins face-off versus Anthony Beauvillier in SEATTLE GRUNGE zone. 8:43 of 2nd period - Icing by Zach Bogosian. 8:44 of 2nd period - Curtis Lazar wins face-off versus Blake Wheeler in SACRAMENTO BANDITS zone. 9:23 of 2nd period - John Tavares is hit by Antti Tuomisto and loses puck. 9:36 of 2nd period - Shot by Tyler Seguin. 9:36 of 2nd period - Stopped by Matthew Murray with a rebound. 9:52 of 2nd period - Shot by Juraj Slafkovsky. 9:52 of 2nd period - Stopped by Matthew Murray without a rebound. 9:53 of 2nd period - Blake Wheeler wins face-off versus Warren Foegele in SACRAMENTO BANDITS zone. 10:08 of 2nd period - Shot by Corey Perry. 10:08 of 2nd period - Stopped by Alexandar Georgiev without a rebound. 10:09 of 2nd period - Connor Dewar wins face-off versus Anthony Beauvillier in SEATTLE GRUNGE zone. 10:09 of 2nd period - Connor Dewar is hit by Josh Anderson. 10:14 of 2nd period - Off-side. 10:15 of 2nd period - Blake Wheeler wins face-off versus Curtis Lazar in neutral zone. 10:38 of 2nd period - Shot by Morgan Geekie. 10:38 of 2nd period - Stopped by Matthew Murray without a rebound. 10:39 of 2nd period - Warren Foegele wins face-off versus Anthony Beauvillier in SACRAMENTO BANDITS zone. 10:44 of 2nd period - Shot by Juraj Slafkovsky. 10:44 of 2nd period - Shot Misses the Net. 11:07 of 2nd period - Shot by Max Pacioretty. 11:07 of 2nd period - Deflect By Josh Anderson. 11:07 of 2nd period - Shot Misses the Net. 11:09 of 2nd period - Shot by Josh Anderson. 11:09 of 2nd period - Shot Misses the Net. 11:51 of 2nd period - Shot by Jonathan Huberdeau. 11:51 of 2nd period - Stopped by Alexandar Georgiev without a rebound. 11:52 of 2nd period - Connor Dewar wins face-off versus Adam Gaudette in SEATTLE GRUNGE zone. 11:52 of 2nd period - Alexey Toropchenko is hit by Adam Gaudette and loses puck. 12:00 of 2nd period - Jimmy Vesey is hit by Adam Gaudette. 12:22 of 2nd period - Icing by Alexandre Carrier. 12:23 of 2nd period - Jimmy Vesey wins face-off versus Fredrik Karlstrom in SEATTLE GRUNGE zone. 12:32 of 2nd period - Shot by Connor Dewar. 12:32 of 2nd period - Deflect By Jimmy Vesey. 12:32 of 2nd period - Shot Misses the Net. 12:35 of 2nd period - Icing by Aaron Ekblad. 12:36 of 2nd period - John Tavares wins face-off versus Fredrik Karlstrom in SACRAMENTO BANDITS zone. 12:48 of 2nd period - Shot by William Nylander. 12:48 of 2nd period - Stopped by Matthew Murray without a rebound. 12:49 of 2nd period - Blake Wheeler wins face-off versus Warren Foegele in SACRAMENTO BANDITS zone. 12:59 of 2nd period - Off-side. 13:00 of 2nd period - John Tavares wins face-off versus Anthony Beauvillier in neutral zone. 13:13 of 2nd period - Shot by Anthony Beauvillier. 13:13 of 2nd period - Stopped by Alexandar Georgiev without a rebound. 13:14 of 2nd period - Curtis Lazar wins face-off versus Blake Wheeler in SEATTLE GRUNGE zone. 13:32 of 2nd period - Jonathan Huberdeau is hit by William Borgen and loses puck. 13:47 of 2nd period - Curtis Lazar is hit by Blake Wheeler. 14:41 of 2nd period - Shot by Tyler Seguin. 14:41 of 2nd period - Shot Misses the Net. 15:17 of 2nd period - Shot by Juraj Slafkovsky. 15:17 of 2nd period - Shot Misses the Net. 15:36 of 2nd period - Icing by Aaron E